 Dungeon Crawl Stone Soup version 0.28.0-53-g5a82cb258f (webtiles) character file.

Game seed: 14146792437276419268

58 Zeld the Conjurer (level 3, -3/19 HPs)
             Began as a Deep Elf Conjurer on May 24, 2022.
             Slain by Grinder (6 damage)
             ... while paralysed by Grinder
             ... on level 3 of the Dungeon.
             The game lasted 00:02:48 (2035 turns).

Zeld the Conjurer (Deep Elf Conjurer)               Turns: 2035, Time: 00:02:49

Health: -3/19      AC:  3    Str:  4    XL:     3   Next: 75%
Magic:  2/10       EV:  2    Int: 24    God:
Gold:   103        SH:  0    Dex: 13    Spells: 7/10 levels left

rFire   . . .      SeeInvis .   a - +0 rapier
rCold   . . .      Faith    .   (no shield)
rNeg    . . .      Spirit   .   d - +0 robe
rPois   .          Reflect  .   (no helmet)
rElec   .          Harm     .   l - +0 cloak
rCorr   .          Rampage  .   (no gloves)
Will    .....                   (no boots)
Stlth   ++........              (no amulet)
HPRegen 0.06/turn               (no ring)
MPRegen 0.12/turn               (no ring)

@: paralysed
A: no striking features
a: no special abilities


You were on level 3 of the Dungeon.
You visited 1 branch of the dungeon, and saw 3 of its levels.

You collected 103 gold pieces.

Inventory:

Hand Weapons
 a - a +0 rapier (weapon)
Armour
 d - a +0 robe (worn)
 l - a +0 cloak (worn)
Scrolls
 c - a scroll of noise {unknown}
 e - 2 scrolls of enchant weapon {unknown}
 f - a scroll of identify {unknown}
 g - 2 scrolls of enchant armour {unknown}
 j - a scroll of magic mapping {unknown}
 m - a scroll of fog {unknown}
 n - a scroll of amnesia {unknown}
Potions
 b - a potion of brilliance {unknown}
 h - 3 potions of flight {unknown}
 i - a potion of berserk rage {unknown}
 k - a potion of magic {unknown}
 o - a potion of curing {unknown}


   Skills:
 - Level 2.4 Dodging
 + Level 3.0 Stealth
 * Level 4.0 Spellcasting
 * Level 4.9 Conjurations
 + Level 1.2 Hexes
 + Level 1.2 Translocations


You had 7 spell levels left.
You knew the following spells:

 Your Spells              Type           Power      Damage    Failure   Level
a - Magic Dart            Conj           100%       1d8       1%          1
b - Searing Ray           Conj           56%        2d6       1%          2

Your spell library contained the following spells:

 Spells                   Type           Power      Damage    Failure   Level
 Dazzling Flash           Conj/Hex       38%        N/A       9%          3
 Portal Projectile        Hex/Tloc       20%        N/A       19%         3
 Iskenderun's Mystic Bla  Conj/Tloc      19%        2d6       26%         4
 Call Canine Familiar     Summ           4%         N/A       28%         3
 Fulminant Prism          Conj/Hex       9%         3d7       28%         4
 Leda's Liquefaction      Hex/Erth       3%         N/A       58%         4


Dungeon Overview and Level Annotations

Branches:
Dungeon (3/15)

Altars:

Annotations:
D:3 Grinder


Message History

Casting: Searing Ray (safe; 1% risk of failure)
Confirm with . or Enter, or press ? or * to list all spells.
Aiming: Searing Ray (safe; 1% risk of failure)
Press: ? - help, Shift-Dir - straight line, f - Grinder
Aim: Grinder (77% to hit)
The searing ray hits Grinder.
Grinder is lightly wounded. (Press . to maintain the ray.) Unknown command.
The searing ray hits Grinder!
Grinder is heavily wounded.
Grinder says, "DUCK!"
Grinder gestures at you. Pain shoots through your body!
The searing ray hits Grinder.
Grinder is heavily wounded.
Grinder blinks!
The searing ray hits Grinder.
Grinder is severely wounded.
You finish channelling your searing ray.
Casting: Searing Ray (safe; 1% risk of failure)
Confirm with . or Enter, or press ? or * to list all spells.
Aiming: Searing Ray (safe; 1% risk of failure)
Press: ? - help, Shift-Dir - straight line, f/p - Grinder
Aim: Grinder (severely wounded, 77% to hit)
The searing ray misses Grinder. (Press . to maintain the ray.) Unknown command.
The searing ray hits Grinder.
Grinder is almost dead.
The searing ray misses Grinder.
Grinder gestures at you.
You suddenly lose the ability to move!
Grinder gestures at you.
You barely resist. Grinder hits you.
You writhe in agony.
Grinder hits you.
* * * LOW HITPOINT WARNING * * *
You writhe in agony.
You die...

## .. .#
.######
#####.......
#.@5.....#
#.###.(#.#
#.# ..# #.#
..# #.# ...
#.# #?.. #.#
#### #.# ...


You could see Grinder.

Vanquished Creatures
  An adder (D:2)
  3 worms (D:2)
  A dart slug (D:1)
  A ball python (D:2)
  7 bats
  An endoplasm (D:1)
  A giant cockroach (D:1)
  5 goblins
  3 hobgoblins
  A quokka (D:1)
  2 frilled lizards (D:1)
  6 kobolds
  5 rats
37 creatures vanquished.

Notes
Turn   | Place    | Note
-------+----------+-------------------------------------------
     0 | D:1      | Zeld the Deep Elf Conjurer began the quest for the Orb.
     0 | D:1      | Reached XP level 1. HP: 10/10 MP: 6/6
   311 | D:1      | Reached XP level 2. HP: 15/15 MP: 0/8
   314 | D:1      | Learned a level 2 spell: Searing Ray
   395 | D:1      | Found Xudegeu's Assorted Antiques.
   678 | D:1      | Found a faded altar of an unknown god.
  1061 | D:2      | Reached skill level 1 in Hexes
  1061 | D:2      | Reached XP level 3. HP: 19/19 MP: 5/10
  1265 | D:2      | Reached skill level 1 in Translocations
  1815 | D:3      | Noticed Grinder
  1824 | D:3      | Paralysed by Grinder for 2 turns
  2032 | D:3      | Paralysed by Grinder for 4 turns
  2035 | D:3      | Slain by Grinder

Illustrated notes

Levels and vault maps discovered:
D:1:      onia_arrival_pentagram, layout_rooms,
          ebering_ecumenical_altar_sacrificial, serial_shops,
          nicolae_shop_hallway_plus, grunt_decor_resistance
D:2:      layout_loops_ring
D:3:      layout_loops_corners, nicolae_gozag_cash_rules_everything_around_me,
          serial_bayou, serial_bayou_pond_d, serial_bayou_shore_b,
          serial_bayou_shore_a, serial_bayou_pond_b, serial_bayou_pond_e,
          uniq_grinder, uniq_terence

Skill      XL: |  1  2  3 |
---------------+----------+-----
Hexes          | 1 |  1.2
Translocations | 1 |  1.2
Stealth        | 3 |  3.0
Spellcasting   | 4 |  4.0
Dodging        | |  2.4
Conjurations   | |  4.9

Action                   || total
-------------------------++-------
Melee: Short sword       ||     4
       Rapier            ||     8
 Cast: Magic Dart        ||    52
       Searing Ray       ||    10
 Stab: Sleeping          ||     2
Armor: Robe              ||     6
Dodge: Dodged            ||     7
